 Dungeon Crawl Stone Soup version 0.18-a0-1443-ge8f1551 (webtiles) character file.

23 Gagarin the Firebug (level 2, 0/20 HPs)
             Began as a Demigod Fire Elementalist on Feb 29, 2016.
             Slain by a jackal (1 damage)
             ... on level 3 of the Dungeon.
             The game lasted 00:02:41 (711 turns).

Gagarin the Firebug (Demigod Fire Elementalist)      Turns: 711, Time: 00:02:41

Health: 0/20       AC:  3    Str: 11    XL:     2   Next: 57%
Magic:  6/7        EV: 12    Int: 19    God:
Gold:   16         SH:  0    Dex: 16    Spells: 1 memorised, 3 levels left

rFire  . . .     SeeInvis .     e - +0 dagger
rCold  . . .     Gourm    .     a - +0 robe
rNeg   . . .     Faith    .     (no shield)
rPois  .         Spirit   .     h - +0 helmet
rElec  .         Dismiss  .     (no cloak)
rCorr  .         Reflect  .     (no gloves)
SustAt +         Harm     .     (no boots)
MR     .....                    (no amulet)
Stlth  ++........               (no ring)
                                (no ring)

@: not resistant to hostile enchantments, unstealthy
A: high mp 1, sustain attributes
a: no special abilities


You were on level 3 of the Dungeon.
You were not hungry.

You visited 1 branch of the dungeon, and saw 3 of its levels.

You collected 16 gold pieces.

Inventory:

Hand Weapons
 e - a +0 dagger (weapon)
Missiles
 d - 2 throwing nets (quivered)
Armour
 a - a +0 robe (worn)
 g - a +0 chain mail of fire resistance
 h - a +0 helmet (worn)
 l - a +0 leather armour
Scrolls
 f - 3 scrolls of recharging {unknown}
 i - a scroll of random uselessness {unknown}
Potions
 m - a potion of mutation {unknown}
Books
 b - a book of Flames

   Spells                             Type                      Level
   a - Flame Tongue                   Conjuration/Fire             1
   b - Throw Flame                    Conjuration/Fire             2
   c - Conjure Flame                  Conjuration/Fire             3
   d - Inner Flame                    Hexes/Fire                   3
   e - Sticky Flame                   Conjuration/Fire             4
   f - Fireball                       Conjuration/Fire             5
Comestibles
 c - a bread ration
 j - a slice of pizza
 n - a beef jerky


   Skills:
 + Level 0.1 Fighting
 + Level 1.8 Dodging
 + Level 1.9 Stealth
 + Level 1.9 Spellcasting
 + Level 1.1 Conjurations
 + Level 3.2 Fire Magic


You had 3 spell levels left.
You knew the following spells:

 Your Spells              Type           Power        Failure   Level  Hunger
a - Flame Tongue          Conj/Fire      ##...        10%         1    #......


Dungeon Overview and Level Annotations

Branches:
Dungeon (3/15)

Annotations:
D:2 Sigmund


Innate Abilities, Weirdness & Mutations

You have an increased reservoir of magic (+10% MP).
Your attributes are resistant to harm.


Message History

* * * LOW HITPOINT WARNING * * *
The jackal bites you but does no damage.
The jackal closely misses you. Something barely misses you.
The jackal bites you.
* * * LOW HITPOINT WARNING * * *
There is a stone staircase leading down here.
The jackal barely misses you. Something hits you.
* * * LOW HITPOINT WARNING * * *
You climb downwards.
There is a stone staircase leading up here.
Casting: Flame Tongue
Confirm with . or Enter, or press ? or * to list all spells.
Aiming: Flame Tongue
Press: ? - help, Shift-Dir - straight line, f - jackal
Aim: a jackal The flame tongue hits the jackal.
The jackal is heavily wounded.
The jackal bites you but does no damage.
The jackal bites you.
You die...

# #
.#.
#.#
#.#
#@#
#.h.#
###.#
.# #


You could see a jackal.

Vanquished Creatures
  An ooze (D:1)
  2 giant geckos (D:1)
  3 goblins (D:1)
  2 hobgoblins (D:1)
  3 jackals (D:1)
  A giant newt (D:1)
  2 kobolds (D:1)
  A rat (D:1)
15 creatures vanquished.

Notes
Turn   | Place    | Note
--------------------------------------------------------------
     0 | D:1      | Gagarin the Demigod Fire Elementalist began the quest for the Orb.
     0 | D:1      | Reached XP level 1. HP: 14/14 MP: 5/5
    89 | D:1      | Reached skill level 3 in Fire Magic
    94 | D:1      | Reached skill level 1 in Conjurations
   314 | D:1      | Reached XP level 2. HP: 20/20 MP: 5/7
   635 | D:1      | You fall through a shaft!
   644 | D:2      | Found a deep blue altar of Sif Muna.
   692 | D:2      | Noticed Sigmund
   709 | D:2      | HP: 1/20 [something (3)]
   711 | D:3      | Slain by a jackal

Vault maps used:
D:1:      scummos_arrival_gate
D:2:      grunt_temple_overflow_growth_and_decay, lemuel_blue_sif_altar,
          minmay_misc_feat_rugged, grunt_pakellas_basics, uniq_sigmund
D:3:      nicolae_ru_path_of_blood, uniq_robin

Skill      XL: |  1 |
---------------+----+-----
Fire Magic     | 3 |  3.2
Conjurations   | 1 |  1.1
Fighting       | |  0.1
Dodging        | |  1.8
Stealth        | |  1.9
Spellcasting   | |  1.9

Action                   || total
-------------------------++-------
Melee: Dagger            ||    26
 Cast: Flame Tongue      ||    23
